 Dungeon Sprint DCSS version 0.26-a0-658-gbdda728c12 (webtiles) character file.

Game seed: 14686310899694732635

17343 Baz the Brawler (level 12, -10/139 HPs)
             Began as a Troll Berserker on Oct 5, 2020.
             Was an Elder of Trog.
             Mangled by the Enchantress
             ... wielding a +2 demon whip of venom
              (16 damage)
             ... in the Dungeon (Sprint IV: "Fedhas' Mad Dash").
             The game lasted 00:11:49 (2884 turns).

Baz the Brawler (Troll Berserker)                   Turns: 2884, Time: 00:11:50

Health: -10/139    AC:  6    Str: 28    XL:     12   Next: 18%
Magic:  11/11      EV: 18    Int:  3    God:    Trog [****..]
Gold:   231        SH:  0    Dex: 13    Spells: 11/11 levels left

rFire    . . .     SeeInvis .     - Unarmed
rCold    . . .     Faith    .   (no shield)
rNeg     . . .     Spirit   .   a - +0 animal skin
rPois    .         Reflect  .   (helmet restricted)
rElec    .         Harm     .   (no cloak)
rCorr    +         Rampage  .   (gloves unavailable)
MR       ++...     NoTele   +   (boots unavailable)
Stlth    +.........             i - amulet of invisibility {+Inv}
HPRegen  1.73/turn              k - ring of resist corrosion
MPRegen  0.12/turn              (no ring)

@: lethally poisoned (-10 -> -17), berserk cooldown, regenerating, hasted and
slowed
A: large, unfitting armour, claws 3, regeneration 1, shaggy fur 1, tough skin 3
a: Berserk, Trog's Hand, Brothers in Arms, Renounce Religion, Evoke Invisibility


You were in the Dungeon.
You worshipped Trog.
Trog was greatly pleased with you.
You visited 1 branch You collected 533 gold pieces.
You spent 302 gold pieces at shops.

Inventory:

Armour
 a - a +0 animal skin (worn)
Jewellery
 i - the amulet of invisibility (around neck) {+Inv}
   (You found it in the Dungeon)

   [amulet of nothing]

   It lets you turn invisible.
 k - a ring of resist corrosion (left claw)
Scrolls
 g - a scroll of blinking
 h - a scroll of magic mapping {unknown}
 j - a scroll of remove curse
Potions
 e - 2 potions of magic
 f - a potion of berserk rage


   Skills:
 * Level 14.2 Fighting
 + Level 2.2 Armour
 * Level 14.2 Dodging
 * Level 16.4 Unarmed Combat
 - Level 8.9 Evocations


You had 11 spell levels left.
You didn't know any spells.
Your spell library was empty.

Dungeon Overview and Level Annotations

Branches:
Dungeon (1/1)

Altars:
Cheibriados
Dithmenos
Elyvilon
Gozag
Hepliaklqana
Kikubaaqudgha
Makhleb
Nemelex Xobeh
Okawaru
Qazlal
Ru
Sif Muna
Trog
Uskayaw
Vehumet
Wu Jian
Xom
Yredelemnul
Zin
The Shining One
Beogh
Jiyva
Lugonu

Shops:
D ?**}}[[=*=:[=(=}}?(**

Annotations:
D the Enchantress


Innate Abilities, Weirdness & Mutations

You are too large for most types of armour.
You have claws for hands.
Your natural rate of healing is unusually fast.
You are covered in fur. (AC +1)
You have extremely tough skin. (AC +3)


Message History

Trog will no longer gift you weapons.
You feel very sick.
The Enchantress hits you with a +2 demon whip of venom!
* * * LOW HITPOINT WARNING * * *
You are more poisoned.
The Enchantress mumbles some strange words.
You resist with almost no effort.
Your two-headed ogre appears confused.
Your deep troll appears confused.
Unknown command.
Unknown command.
Unknown command.
You feel yourself speed up.
* * * LOW HITPOINT WARNING * * *
You feel very sick.
The Enchantress hits you but does no damage.
You are lethally poisoned!
Your two-headed ogre closely misses you.
Your two-headed ogre misses you.
The Enchantress misses you.
The Enchantress hits you with a +2 demon whip of venom!
You die...

#..........# #....'.
###.P....### #....##
###...## ##....#
#....####.....##
#.....).......'.
#.............##
########################
#...T....♣..♣..♣..♣..♣..
#.....i@.......).......)
#.......O♣..♣..♣).♣..♣..
##++++##################


You could see the Enchantress (fast, repels missiles), a friendly two-headed
ogre (summoned, berserk, confused) and a friendly deep troll (summoned, berserk,
confused).

Vanquished Creatures
  4 spriggan defenders (D)
  2 spriggan druids (D)
  10 oklob plants (D)
  A moth of wrath (D)
  A demonic crawler (D)
  3 burning bushes (D)
  A queen bee (D)
  3 hornets (D)
  2 scorpions (D)
  3 killer bees (D)
  4 oklob saplings (D)
  2 worker ants (D)
  4 spriggans (D)
  2 wandering mushrooms (D)
  A river rat (D)
  A rat (D)
44 creatures vanquished.

Vanquished Creatures (collateral kills)
  Agnes (D)
  A ghost moth (D)
  3 spriggan berserkers (D)
  2 spriggan druids (D)
  11 oklob plants (D)
  2 demonic crawlers (D)
  6 hornets (D)
  6 spriggans (D)
  A wandering mushroom (D)
  A killer bee (D)
  An oklob sapling (D)
35 creatures vanquished.

Vanquished Creatures (others)
  2 ballistomycete spores (D)
  A bush (D)
  2 fungi (D)
5 creatures vanquished.

Grand Total: 84 creatures vanquished

Notes
Turn   | Place    | Note
-------+----------+-------------------------------------------
     0 | D        | Baz the Troll Berserker began the quest for the Orb.
     0 | D        | Reached XP level 1. HP: 22/22 MP: 0/0
    12 | D        | Reached XP level 2. HP: 18/31 MP: 1/1
    50 | D        | Noticed an oklob sapling
    52 | D        | Killed an oklob sapling
    52 | D        | Reached ** piety under Trog
    52 | D        | Reached skill level 4 in Unarmed Combat
    52 | D        | Reached XP level 3. HP: 39/39 MP: 2/2
    55 | D        | Found the amulet of invisibility {+Inv}
    57 | D        | Reached skill level 5 in Unarmed Combat
   103 | D        | Noticed an oklob sapling
   109 | D        | Killed an oklob sapling
   109 | D        | Reached XP level 4. HP: 25/49 MP: 3/3
   159 | D        | Found an opulent altar of Gozag.
   159 | D        | Found a hazy altar of Hepliaklqana.
   159 | D        | Found a burning altar of Makhleb.
   159 | D        | Found a roughly hewn altar of Beogh.
   159 | D        | Found a sparkling altar of Nemelex Xobeh.
   159 | D        | Found a snail-covered altar of Cheibriados.
   159 | D        | Found a sacrificial altar of Ru.
   159 | D        | Found a shimmering blue altar of Sif Muna.
   159 | D        | Found a shimmering altar of Xom.
   159 | D        | Found a basalt altar of Yredelemnul.
   160 | D        | Found a viscous altar of Jiyva.
   160 | D        | Found a bloodstained altar of Trog.
   160 | D        | Found an ornate altar of the Wu Jian Council.
   161 | D        | Found an iron altar of Okawaru.
   161 | D        | Found a shadowy altar of Dithmenos.
   161 | D        | Found a glowing silver altar of Zin.
   162 | D        | Found an ancient bone altar of Kikubaaqudgha.
   162 | D        | Found a hide-covered altar of Uskayaw.
   163 | D        | Found a stormy altar of Qazlal.
   163 | D        | Found a white marble altar of Elyvilon.
   163 | D        | Found a glowing golden altar of the Shining One.
   164 | D        | Found a corrupted altar of Lugonu.
   164 | D        | Found a radiant altar of Vehumet.
   175 | D        | Reached skill level 5 in Fighting
   175 | D        | Reached skill level 5 in Dodging
   175 | D        | Reached skill level 6 in Unarmed Combat
   175 | D        | Reached skill level 1 in Evocations
   217 | D        | Reached *** piety under Trog
   217 | D        | Reached XP level 5. HP: 57/57 MP: 4/4
   266 | D        | Reached skill level 7 in Unarmed Combat
   275 | D        | Reached **** piety under Trog
   313 | D        | Found Lyluoreph's Jewellery Shop.
   313 | D        | Found Xer Qont's Weapon Emporium.
   322 | D        | Noticed a burning bush
   322 | D        | Noticed a wandering mushroom
   323 | D        | Noticed a wandering mushroom
   333 | D        | Reached XP level 6. HP: 31/68 MP: 5/5
   541 | D        | Reached skill level 8 in Unarmed Combat
   565 | D        | Killed a wandering mushroom
   628 | D        | Killed a burning bush
   628 | D        | Reached skill level 9 in Unarmed Combat
   628 | D        | Reached XP level 7. HP: 79/79 MP: 6/6
   632 | D        | Found Mimn's Magic Scroll Shoppe.
   633 | D        | Found Jerietul's Antique Weapon Emporium.
   676 | D        | Noticed a queen bee
   696 | D        | Killed a queen bee
   698 | D        | Reached skill level 10 in Unarmed Combat
   704 | D        | Reached ***** piety under Trog
   704 | D        | Reached XP level 8. HP: 27/89 MP: 7/7
   823 | D        | Noticed an oklob plant
   832 | D        | Killed an oklob plant
   867 | D        | Noticed a burning bush
   874 | D        | Killed a burning bush
   874 | D        | Reached skill level 11 in Unarmed Combat
   874 | D        | Reached skill level 5 in Evocations
   885 | D        | Noticed a burning bush
   885 | D        | Noticed an oklob plant
   886 | D        | Noticed a wandering mushroom
   893 | D        | Killed an oklob plant
   894 | D        | Received a gift from Trog
   894 | D        | Reached XP level 9. HP: 96/100 MP: 6/8
   899 | D        | Killed a burning bush
   915 | D        | Noticed a spriggan druid
   918 | D        | Killed a spriggan druid
   918 | D        | Reached skill level 10 in Fighting
   918 | D        | Reached skill level 10 in Dodging
   972 | D        | Noticed an oklob plant conjurer
   973 | D        | Killed an oklob plant conjurer
   973 | D        | Reached skill level 12 in Unarmed Combat
  1043 | D        | Bought a scroll of remove curse for 42 gold pieces
  1117 | D        | Noticed an oklob plant
  1117 | D        | Noticed an oklob plant summoner
  1119 | D        | Noticed an oklob plant shifter
  1125 | D        | Killed an oklob plant
  1127 | D        | Killed an oklob plant summoner
  1129 | D        | Killed an oklob plant shifter
  1129 | D        | Received a gift from Trog
  1133 | D        | Noticed a demonic crawler
  1136 | D        | Killed a demonic crawler
  1141 | D        | Noticed a spriggan rider
  1149 | D        | Found Iblooxa's General Store.
  1153 | D        | Reached XP level 10. HP: 111/111 MP: 9/9
  1186 | D        | Found Qiokha's General Store.
  1221 | D        | Noticed Agnes
  1227 | D        | Killed Agnes
  1227 | D        | Reached skill level 13 in Unarmed Combat
  1230 | D        | Found Bouveh's Gadget Emporium.
  1230 | D        | Noticed a spriggan berserker
  1231 | D        | Noticed a death yak
  1233 | D        | Killed a spriggan berserker
  1440 | D        | Found Seotaq's Gadget Shoppe.
  1441 | D        | Noticed a spriggan defender
  1456 | D        | Killed a spriggan defender
  1596 | D        | Noticed a spriggan rider
  1881 | D        | Found Orhettei's General Store.
  1881 | D        | Found Guhicze's General Store.
  1881 | D        | Found Sopne's Magic Scroll Shoppe.
  1905 | D        | Killed a ghost moth
  1905 | D        | Reached skill level 14 in Unarmed Combat
  1973 | D        | Noticed an oklob plant shifter
  1973 | D        | Noticed an oklob plant meteorologist
  1996 | D        | Killed an oklob plant meteorologist
  1996 | D        | Reached XP level 11. HP: 88/124 MP: 7/10
  2082 | D        | Killed an oklob plant shifter
  2130 | D        | Noticed a spriggan rider
  2140 | D        | Received a gift from Trog
  2146 | D        | HP: 3/124 [spriggan rider/+0 spear (22)]
  2148 | D        | Killed a spriggan rider
  2151 | D        | HP: 4/124 [poisoned by a hornet]
  2361 | D        | Found Hejohou's Gadget Shoppe.
  2361 | D        | Found Bienkeov's Armour Boutique.
  2361 | D        | Found Bukapham's Gadget Shop.
  2361 | D        | Found Voimm's Jewellery Emporium.
  2361 | D        | Found Onguipse's Armour Shoppe.
  2362 | D        | Found Foocast's Jewellery Emporium.
  2362 | D        | Found Pudopeb's Book Shop.
  2362 | D        | Found Aczyq's Assorted Antiques.
  2383 | D        | Noticed an oklob plant
  2383 | D        | Noticed an oklob plant
  2383 | D        | Noticed an oklob plant
  2383 | D        | Noticed an oklob plant
  2383 | D        | Noticed an oklob plant
  2383 | D        | Noticed an oklob plant
  2402 | D        | Noticed an oklob plant summoner
  2414 | D        | Found Terhyr's Armour Emporium.
  2415 | D        | Found Ucarec's Jewellery Shop.
  2422 | D        | Killed an oklob plant summoner
  2488 | D        | Bought an uncursed ring of resist corrosion for 260 gold
                  | pieces
  2494 | D        | Noticed an oklob plant
  2500 | D        | Killed an oklob plant
  2501 | D        | Noticed an oklob plant
  2504 | D        | Killed an oklob plant
  2504 | D        | Received a gift from Trog
  2505 | D        | Noticed an oklob plant
  2506 | D        | Noticed an oklob plant
  2506 | D        | Killed an oklob plant
  2506 | D        | Reached skill level 15 in Unarmed Combat
  2509 | D        | Killed an oklob plant
  2510 | D        | Noticed an oklob plant
  2511 | D        | Noticed an oklob plant
  2511 | D        | Killed an oklob plant
  2514 | D        | Killed an oklob plant
  2515 | D        | Killed an oklob plant
  2518 | D        | Killed an oklob plant
  2520 | D        | Killed an oklob plant
  2523 | D        | Killed an oklob plant
  2526 | D        | Killed an oklob plant
  2526 | D        | Received a gift from Trog
  2528 | D        | Killed an oklob plant
  2528 | D        | Reached ****** piety under Trog
  2569 | D        | Noticed a spriggan defender
  2569 | D        | Noticed a spriggan defender
  2587 | D        | Killed a spriggan defender
  2592 | D        | Killed a spriggan defender
  2715 | D        | Noticed a spriggan druid
  2732 | D        | Killed a spriggan druid
  2732 | D        | Reached skill level 16 in Unarmed Combat
  2792 | D        | Noticed a spriggan druid
  2795 | D        | Noticed a spriggan berserker
  2803 | D        | Killed a spriggan druid
  2803 | D        | Reached XP level 12. HP: 137/137 MP: 11/11
  2805 | D        | Reached skill level 1 in Armour
  2827 | D        | Received a gift from Trog
  2849 | D        | Noticed a spriggan defender
  2854 | D        | Killed a spriggan defender
  2862 | D        | Noticed the Enchantress
  2881 | D        | HP: 1/139 [the Enchantress/+2 demon whip of venom (24)]
  2884 | D        | Mangled by the Enchantress

Illustrated notes

Levels and vault maps discovered:
D:        dungeon_sprint_fedhas [sprint_temple]

Skill      XL: |  1  2  3  4  5  6  7  8  9 10 11 12 |
---------------+-------------------------------------+-----
Fighting       | 3 4 5 6 7 8 9 10 12 13 14 | 14.2
Dodging        | 3 4 5 6 7 8 9 11 12 13 14 | 14.2
Unarmed Combat | 4 5 6 7 9 10 11 12 14 16 | 16.4
Evocations     | 1 2 3 4 5 6 7 8 |  8.9
Armour         | 2 |  2.2

Action                   |  1- 3 |  4- 6 |  7- 9 | 10-12 || total
-------------------------+-------+-------+-------+-------++-------
Melee: Unarmed           |    23 |    50 |    44 |    80 ||   197
       Punch             |       |     1 |     3 |     4 ||     8
Invok: Berserk           |     1 |     3 |     1 |     6 ||    11
       Trog's Hand       |       |     1 |     1 |     3 ||     5
       Brothers in Arms  |       |       |     3 |    12 ||    15
 Abil: Evoke Invisibilit |       |     1 |     4 |     4 ||     9
  Use: Scroll            |       |       |     3 |       ||     3
       Potion            |       |       |       |     3 ||     3
 Stab: Invisible         |       |     2 |     3 |     4 ||     9
       Sleeping          |       |       |     2 |       ||     2
       Distracted        |       |       |       |     1 ||     1
Armor: Animal skin       |     6 |     3 |     9 |    13 ||    31
Dodge: Dodged            |     7 |    25 |    26 |    70 ||   128

Table legend: (Time is in decaauts)
 A = Elapsed time spent in this place.
 B = Non-inter-level travel time spent in this place.
 C = Inter-level travel time spent in this place.
 D = Time resting spent in this place.
 E = Time spent auto-exploring this place.
 F = Levels seen in this place.
 G = Mean time per level.
                   A        B        C        D        E       F      G
               +--------+--------+--------+--------+--------+-----+--------+
         Total |   2942 |   2801 |    141 |   1719 |      0 |   1 | 2942.0 |
       Dungeon |   2942 |   2801 |    141 |   1719 |      0 |   1 | 2942.0 |
               +--------+--------+--------+--------+--------+-----+--------+

Top non-repeatable levels by time:
       D: 2942 daAuts
